AoeStats
← ACERCATE A DIOS

Arena

507407476Analyzed
1v1 RM · 15d ago on Sep 18, 2026· 40m 31s· 2 players
Game mode
Random Map
Map size
Tiny (2 player)
Population
200
Speed
Normal
Resources
Standard
Victory
Conquest
Starting age
Dark Age
Ending age
Imperial Age
RankedLock teamsTeams togetherTeam positionsShared explorationLock speedFull tech treeHidden civsTurbo modeCheats
Victory
Defeat
🇲🇽 Persians · Mexico
392
+13
🇨🇱 Cumans · Chile
321
-13
arayaantonio12345
11:18 Feudal Age
15:18 Double-Bit Axe
20:25 Wheelbarrow
23:21 Castle Age
23:31 Castle Age
22:57 Horse Collar
23:49 Bloodlines
23:26 Man-at-Arms
23:33 Elite Skirmisher
28:05 Hand Cart
28:05 Bow Saw
35:06 Imperial Age
38:12 Murder Holes
ACERCATE A DIOS
10:01 Feudal Age
18:49 Castle Age
17:06 Double-Bit Axe
26:04 Horse Collar
28:05 Pikeman
28:45 Squires
31:41 Imperial Age
30:33 Husbandry
36:12 Elite War Elephant
37:46 Halberdier
Connection lost

Rejoining the realm…

Still unreachable

The connection could not be restored.

Session expired

The server has moved on; the page needs a fresh start.